Map: New Repugnancy LE

Players

Awers

  • Race: Terran Terran
  • League: Master
  • Spawn Location: 7:00

Lambo - Winner!

  • Race: Zerg Zerg
  • League: Master
  • Spawn Location: 1:00

VOD

Have the link to the VOD?

Description

Time

  • Played on: Jan. 24, 2019, 9:09 a.m.
  • Length: 8:40
Show
View Real Time Build Order
Export as new Build Order

Awers Terran 

Build Orders: Reaper Expand, Mech 

Get SALT Encoding   

  12  0:00  SCV  
  13  0:13  SCV  
  14  0:17  Supply Depot  
  14  0:25  SCV  
  15  0:39  SCV  
  15  0:41  Barracks  
  16  0:44  Refinery  
  16  0:51  SCV  
  17  1:03  SCV  
  18  1:15  SCV  
  19  1:27  Orbital Command  
  19  1:28  Reaper  
  20  1:42  Command Center  
  20  1:50  Supply Depot  
  20  1:54  SCV  
  20  2:00  Marine  
  22  2:06  Factory  
  22  2:09  SCV  
  23  2:21  Barracks Reactor  
  23  2:23  SCV  
  24  2:35  SCV  
  25  2:41  Command Center  
  25  2:49  SCV  
  26  2:56  Orbital Command  
  26  3:02  SCV  
  26  3:04  Starport  
  27  3:09  Hellion  
  31  3:13  Hellion  
  31  3:14  SCV  
  32  3:22  SCV  
  32  3:23  Refinery  
  32  3:26  SCV  
  34  3:29  Barracks Tech Lab  
  34  3:33  Hellion  
  36  3:34  SCV  
  36  3:35  Hellion  
  36  3:38  SCV  
  40  3:47  SCV  
  41  3:50  SCV  
  41  3:54  Orbital Command  
  41  3:55  Viking  
  44  3:59  SCV  
  44  4:01  Hellion  
  44  4:02  Hellion  
  49  4:07  SCV  
  50  4:11  SCV  
  50  4:12  Supply Depot  
  51  4:19  SCV  
  51  4:22  SCV, Refinery  
  51  4:23  SCV  
  54  4:24  Refinery  
  54  4:25  Raven  
  56  4:31  SCV  
  56  4:32  Hellion  
  56  4:34  SCV  
  56  4:35  Supply Depot  
  56  4:37  SCV  
  61  4:44  SCV  
  62  4:47  SCV  
  62  4:48  Armory  
  63  4:53  SCV, Armory  
  63  4:56  SCV  
  64  5:02  Supply Depot  
  64  5:03  Hellion x2  
  64  5:06  SCV, Orbital Command  
  69  5:15  Barracks Tech Lab  
  69  5:16  SCV  
  69  5:18  Factory, SCV  
  69  5:19  Factory  
  71  5:25  Hellion x2  
  75  5:28  SCV  
  75  5:31  SCV  
  75  5:32  SCV  
  78  5:37  Starport Reactor  
  78  5:40  SCV  
  79  5:43  SCV  
  79  5:45  SCV  
  79  5:49  Terran Vehicle And Ship Armor Level 1, Refinery, Terran Vehicle Weapons Level 1  
  81  5:50  Refinery  
  81  5:52  SCV  
  81  5:53  Supply Depot x2  
  82  5:59  Factory x2  
  82  6:00  SCV  
  82  6:02  SCV  
  84  6:08  Mag-Field Accelerator  
  84  6:09  SCV  
  85  6:14  SCV  
  85  6:15  SCV  
  85  6:16  Cyclone  
  85  6:17  Hellion  
  85  6:18  Hellion  
  90  6:19  Cyclone  
  90  6:21  SCV  
  92  6:28  SCV  
  91  6:33  SCV x2  
  91  6:34  Supply Depot  
  93  6:40  SCV  
  93  6:41  Hellion x2  
  93  6:43  Factory Tech Lab x2  
  93  6:44  Supply Depot x2, Liberator  
  99  6:47  SCV x2  
  99  6:48  Liberator  
  100  6:56  Siege Tank x2  
  112  7:12  Siege Tank  
  115  7:16  Command Center  
  115  7:19  Siege Tank  
  115  7:34  Hellion  
  115  7:35  Hellion  
  108  7:39  Hellion  
  101  7:45  Hellion  
  101  7:46  Hellion  
  101  7:51  Siege Tank  
  76  7:55  Hellion  
  76  7:56  Hellion  
  68  8:01  Hellion  
Show
View Real Time Build Order
Export as new Build Order

Lambo Zerg - Winner!

Build Orders: Hatch First 

Get SALT Encoding   

  12  0:00  Drone  
  13  0:13  Overlord  
  13  0:17  Drone  
  14  0:32  Drone x2  
  16  0:50  Hatchery  
  16  0:53  Drone  
  16  0:56  Drone  
  17  1:00  Drone  
  18  1:12  Extractor  
  18  1:15  Spawning Pool  
  16  1:19  Drone  
  16  1:23  Drone  
  18  1:29  Drone  
  19  1:42  Drone  
  20  1:52  Overlord  
  20  2:02  Queen x2  
  20  2:03  Zergling x4  
  26  2:13  Metabolic Boost  
  26  2:15  Drone  
  27  2:16  Drone  
  29  2:22  Drone  
  29  2:23  Drone  
  30  2:42  Hatchery  
  29  2:51  Drone  
  30  3:01  Drone, Pneumatized Carapace  
  30  3:03  Drone, Overlord  
  33  3:05  Drone  
  33  3:08  Drone x2  
  33  3:12  Drone  
  36  3:21  Queen  
  36  3:22  Drone  
  36  3:23  Drone  
  40  3:28  Overlord  
  40  3:33  Drone x3  
  43  3:38  Drone  
  44  3:45  Overlord  
  44  3:47  Queen  
  46  3:51  Zergling x6  
  46  3:54  Zergling x2  
  50  3:56  Overlord  
  50  3:57  Drone  
  50  4:01  Queen  
  53  4:04  Overlord  
  53  4:06  Drone  
  54  4:10  Drone x2  
  54  4:16  Drone  
  57  4:20  Drone  
  57  4:21  Roach Warren  
  57  4:23  Drone x2  
  57  4:24  Drone  
  60  4:26  Drone  
  60  4:29  Drone x2  
  63  4:33  Lair  
  63  4:34  Extractor x2  
  63  4:36  Drone x2  
  63  4:39  Drone  
  63  4:43  Drone  
  63  4:45  Evolution Chamber, Drone  
  64  4:46  Drone  
  64  4:47  Drone  
  64  4:49  Drone  
  64  4:50  Spore Crawler  
  67  4:55  Drone  
  67  4:56  Overlord  
  67  4:57  Drone x2  
  69  5:02  Drone x3  
  69  5:03  Extractor x2  
  69  5:05  Drone  
  71  5:10  Spore Crawler  
  71  5:12  Zerg Missile Weapons Level 1, Drone x2  
  72  5:15  Overlord  
  72  5:29  Roach x4  
  72  5:31  Overlord  
  72  5:32  Drone x2  
  72  5:34  Drone  
  87  5:35  Roach x2  
  87  5:40  Glial Reconstitution  
  87  5:42  Overlord  
  87  5:46  Overlord x2  
  87  5:49  Overlord  
  87  5:52  Overlord  
  87  5:54  Overlord  
  87  5:59  Overlord  
  87  6:06  Roach  
  87  6:07  Roach x5  
  87  6:09  Ravager  
  87  6:10  Ravager x3  
  103  6:12  Roach x2  
  103  6:17  Roach x3  
  113  6:22  Roach x3  
  116  6:27  Roach x2  
  117  6:36  Roach x5  
  117  6:39  Roach  
  129  6:41  Roach x2  
  133  6:47  Overlord  
  133  6:48  Roach x3  
  133  6:53  Roach x2  
  143  6:55  Overlord  
  143  6:58  Burrow  
  143  7:03  Overlord x2  
  143  7:07  Overlord  
  143  7:08  Overlord  
  143  7:10  Overlord  
  143  7:12  Overlord  
  143  7:16  Overseer  
  143  7:17  Overlord  
  143  7:18  Roach  
  145  7:25  Roach x4  
  145  7:28  Roach x2  
  155  7:34  Roach x3  
  159  7:38  Roach x2  
  139  7:46  Roach x3  
  133  7:53  Roach x2  
  133  7:56  Roach x2  
  129  8:00  Roach  
  123  8:06  Roach x3  
  123  8:07  Roach x2  
  123  8:10  Roach  
  109  8:13  Roach  
  109  8:17  Roach x2  
Tags
 
Add a new tag
Caveats
  • Supply blocks, unpowered buildings, or Contaminate may cause inaccurate times.
  • Supply counts are checked every 10 seconds.